 Dungeon Crawl Stone Soup version 0.30-a0-778-g2ef04afb54 (console) character file.

Game seed: 14941717670167558724

14 rlgrobin the Shield-Bearer (level 2, 0/26 HPs)
             Began as a Meteoran Fighter on Feb 17, 2023.
             Slain by an orc
             ... wielding a +0 mace
              (7 damage)
             ... on level 2 of the Dungeon.
             The game lasted 00:00:43 (148 turns).

rlgrobin the Shield-Bearer (Meteoran Fighter)        Turns: 148, Time: 00:00:43

Health: 0/26       AC:  6    Str: 17    XL:     2   Next: 76%
Magic:  3/3        EV:  9    Int:  9    God:
Gold:   0          SH:  5    Dex: 13    Spells: 1/1 levels left

rFire   . . .      SeeInvis .    a - +0 war axe
rCold   . . .      Faith    .    c - +0 buckler
rNeg    . . .      Spirit   .    b - +0 scale mail
rPois   .          Reflect  .    (no helmet)
rElec   .          Harm     .    (no cloak)
rCorr   .          Rampage  .    (no gloves)
Will    .....                    (no boots) Stlth
                                 (no amulet)
HPRegen 0.24/turn                (no ring)
MPRegen 0.08/turn                (no ring)

@: glowing
A: sense surroundings 1, otherworldly, glowing, explore regen
a: no special abilities


You were on level 2 of the Dungeon.
You visited 1 branch of the dungeon, and saw 2 of its levels.

Inventory:

Hand Weapons
 a - a +0 war axe (weapon)
Armour
 b - a +0 scale mail (worn)
 c - a +0 buckler (worn)
Potions
 d - a potion of might
 e - a potion of magic {unknown}
 f - 2 potions of degeneration {unknown}


   Skills:
 - Level 3.2 Fighting
 + Level 3.6 Axes
 - Level 3.6 Armour
 - Level 3.6 Shields


You had one spell level left.
You didn't know any spells.
Your spell library was empty.

Dungeon Overview and Level Annotations

Branches:
Dungeon (2/15) Zot: 1037

Altars:


Innate Abilities, Weirdness & Mutations

You passively map a small area around you.
You are easily found by Zot.
You glow in the dark.
You regain HP and MP as you explore.


Message History

You hit the hobgoblin but do no damage. The hobgoblin closely misses you.
The orc hits you with a +0 short sword. The hobgoblin hits you.
The orc closely misses you. The orc hits you but does no damage.
You barely miss the orc.
The orc is severely wounded.
You hit the orc but do no damage. You hit the hobgoblin.
The orc hits you with a +0 short sword. The orc hits you but does no damage.
The hobgoblin hits you but does no damage.
You barely miss the hobgoblin.
The hobgoblin is almost dead.
You barely miss the orc. You hit the orc but do no damage.
The hobgoblin barely misses you. You block the orc's attack.
The orc hits you with a +0 short sword. The hobgoblin barely misses you.
The orc hits you but does no damage. x2
You hit the hobgoblin but do no damage.
The hobgoblin is almost dead.
You hit the orc.
You kill the orc!
You closely miss the orc.
The hobgoblin hits you but does no damage.
The orc hits you with a +0 short sword.
You hit the hobgoblin but do no damage.
The hobgoblin is almost dead.
You barely miss the orc. You hit the orc but do no damage.
The orc completely misses you. The orc hits you with a +0 mace.
The hobgoblin misses you.
You are too injured to fight recklessly!
You are too injured to fight recklessly!
You are too injured to fight recklessly!
You are too injured to fight recklessly!
You completely miss the orc. You hit the hobgoblin but do no damage.
You hit the orc but do no damage. The hobgoblin barely misses you.
You block the orc's attack. The orc hits you but does no damage.
You block the hobgoblin's attack. The orc hits you with a +0 mace.
* * * LOW HITPOINT WARNING * * *
The orc closely misses you.
You closely miss the orc. You hit the orc. You hit the hobgoblin.
You kill the hobgoblin!
The orc hits you but does no damage. The orc hits you with a +0 mace!
You die...

#. #.......<.## #.#
#....>.....#,,
#..###.>...)..#...# ,
*####..$........###..#,
,
..........g...........
###......####.........
*
##......#####..###.#...
* ###..#..........##
.g.. ..........@o#####
, ......#####oo..#
...##* ###.... , , ..
... , ** * * ## * * * *
, * ,, * , , , * , , ,
,, , * * *


You could see 3 orcs.

Vanquished Creatures
  An orc (D:2)
  An endoplasm (D:1)
  4 goblins (D:1)
  A hobgoblin (D:2)
  3 bats
  2 rats (D:1)
12 creatures vanquished.

Notes
Turn   | Place    | Note
-------+----------+-------------------------------------------
     0 | D:1      | rlgrobin the Meteoran Fighter began the quest for the Orb.
     0 | D:1      | Reached XP level 1. HP: 19/19 MP: 2/2
    38 | D:1      | Reached XP level 2. HP: 26/26 MP: 3/3
   148 | D:2      | Slain by an orc

Illustrated notes

Levels and vault maps discovered:
D:1:      dpeg_arrival_subterranean_lakeside_camping, layout_loops_corners,
          ebering_ecumenical_altar_hall
D:2:      layout_rooms, hangedman_decor_growths, minmay_tetromino_s2

Skill      XL: |  1 |
---------------+----+-----
Axes           | 3 |  3.6
Fighting       | |  3.2
Armour         | |  3.6
Shields        | |  3.6

Action                     || total
---------------------------++-------
  Melee: War axe           ||    26
 Armour: Scale mail        ||    19
  Dodge: Dodged            ||    16
  Block: Buckler           ||     8

Table legend: (Time is in decaauts)
 A = Elapsed time spent in this place.
 B = Non-inter-level travel time spent in this place.
 C = Inter-level travel time spent in this place.
 D = Time resting spent in this place.
 E = Time spent auto-exploring this place.
 F = Levels seen in this place.
 G = Mean time per level.
                   A        B        C        D        E       F      G
               +--------+--------+--------+--------+--------+-----+--------+
         Total |    161 |    161 |      0 |      0 |      0 |   2 |   80.5 |
       Dungeon |    161 |    161 |      0 |      0 |      0 |   2 |   80.5 |
               +--------+--------+--------+--------+--------+-----+--------+

Top non-repeatable levels by time:
     D:1: 135 daAuts
     D:2: 25 daAuts
